 Dungeon Sprint DCSS version 0.28.0-45-g0d030f2227 (webtiles) character file.

Game seed: 11048670244749152220

298 NinjaNoafa the Cleaver (level 6, -20/62 HPs)
             Began as a Hill Orc Fighter on Apr 5, 2022.
             Was an Initiate of Wu Jian.
             Shot with an arrow by a centaur warrior (27 damage)
             ... in the Dungeon (Sprint I: "Red Sonja").
             The game lasted 00:02:29 (163 turns).

NinjaNoafa the Cleaver (Hill Orc Fighter)            Turns: 163, Time: 00:02:30

Health: -20/62     AC:  8    Str: 21    XL:     6   Next: 35%
Magic:  6/6        EV:  9    Int:  8    God:    Wu Jian [......]
Gold:   297        SH:  0    Dex: 10    Spells: 5/5 levels left

rFire   . . .      SeeInvis .   d - +0 scythe (freeze)
rCold   . . .      Faith    .   (shield currently unavailable)
rNeg    . . .      Spirit   .   b - +0 scale mail
rPois   .          Reflect  .   (no helmet)
rElec   .          Harm     .   (no cloak)
rCorr   .          Rampage  .   (no gloves)
Will    .....      NoTele   +   (no boots)
Stlth   ..........              (no amulet)
HPRegen 0.20/turn               (no ring)
MPRegen 0.10/turn               (no ring)

@: hasted, slow
A: no striking features
a: Renounce Religion


You were in the Dungeon.
You worshipped Wu Jian.
Wu Jian was noncommittal.
You visited 1 branch You collected 297 gold pieces.

Inventory:

Hand Weapons
 a - a +0 war axe
 d - a +0 scythe of freezing (weapon)
 k - a +0 dagger of venom
Armour
 b - a +0 scale mail (worn)
 c - a +0 buckler
Wands
 i - a wand of iceblast (11)
Potions
 h - 2 potions of magic


   Skills:
 + Level 8.5 Fighting
 - Level 8.6(8.8) Axes
 * Level 1.8(4.9) Polearms
 * Level 7.7 Armour
 - Level 7.7 Shields


You had 5 spell levels left.
You didn't know any spells.
Your spell library was empty.

Dungeon Overview and Level Annotations

Branches:
Dungeon (1/1)

Altars:
Cheibriados
Dithmenos
Elyvilon
Fedhas
Gozag
Hepliaklqana
Kikubaaqudgha
Nemelex Xobeh
Okawaru
Qazlal
Ru
Sif Muna
Trog
Uskayaw
Vehumet
Wu Jian
Yredelemnul
Zin
The Shining One

Shops:
D :


Message History

The yak barely misses you. The yak gores you.
There is an open door here.
You see here a +0 leather armour.
There is an open door, spattered with blood here.
You see here a +0 giant club.
There is an open door, spattered with blood here.
You see here a +2 robe of positive energy.
There is an open door here.
There is an open door here.
You see here a +0 spear.
There is an ornate altar of the Wu Jian Council here.
Found an iron altar of Okawaru and a glowing silver altar of Zin.
Found two altars.
There is an open door here.
Found a sparkling altar of Nemelex Xobeh.
There is an open door here.
There is an open door here.
The yak gores you.
There is an open door, spattered with blood here.
The yak gores you!
* * * LOW HITPOINT WARNING * * *
The yak gores you.
* * * LOW HITPOINT WARNING * * *
There is an open door, spattered with blood here.
There is a shimmering blue altar of Sif Muna here.
You open the door.
A centaur warrior comes into view.
The centaur warrior moves out of view.
Found 20 gold pieces.
A centaur warrior comes into view.
The centaur warrior moves out of view.
There is an open door here.
You enter the shallow water.
Moving in this stuff is going to be slow.
Found 15 gold pieces.
The centaur warrior shouts! x2
The centaur warrior wields a +0 longbow.
The centaur warrior shoots an arrow.
The arrow hits you!!
You die...

##############
.#..)..#..'..#
.'[.#.Y'[.#..+
.#####'#####'# ###
.####..#...#.####$$#
.#__####..##)#§§§§c#
.#_____##'#_.'Y§@§§+
⌠#_.∩...'..._#§§§§c#
##_..__##_.#+##+####
#_____###+# #######


You could see 2 centaur warriors and a yak.

Vanquished Creatures
  Sigmund (D)
  An ogre (D)
  A jelly (D)
  Ijyb (D)
4 creatures vanquished.

Notes
Turn   | Place    | Note
-------+----------+-------------------------------------------
     0 | D        | NinjaNoafa the Hill Orc Fighter began the quest for the
                  | Orb.
     0 | D        | Reached XP level 1. HP: 19/19 MP: 1/1
     2 | D        | Noticed Ijyb
     5 | D        | Killed Ijyb
     6 | D        | Reached skill level 5 in Fighting
     6 | D        | Reached XP level 2. HP: 29/29 MP: 2/2
     6 | D        | Reached XP level 3. HP: 36/36 MP: 3/3
    10 | D        | Noticed an ogre
    13 | D        | Killed an ogre
    14 | D        | Reached XP level 4. HP: 40/45 MP: 4/4
    17 | D        | Noticed Sigmund
    29 | D        | Killed Sigmund
    30 | D        | Reached XP level 5. HP: 39/55 MP: 5/5
    30 | D        | Reached XP level 6. HP: 44/62 MP: 6/6
    55 | D        | Found an ornate altar of the Wu Jian Council.
    55 | D        | Found a shimmering blue altar of Sif Muna.
    57 | D        | Found a radiant altar of Vehumet.
    65 | D        | Reached skill level 1 in Polearms
    71 | D        | Became a worshipper of the Wu Jian Council
    96 | D        | Found Tyfymn's Book Emporium.
    96 | D        | Found an ancient bone altar of Kikubaaqudgha.
    96 | D        | Found a hazy altar of Hepliaklqana.
    96 | D        | Found a hide-covered altar of Uskayaw.
    96 | D        | Found a basalt altar of Yredelemnul.
    96 | D        | Found an opulent altar of Gozag.
    96 | D        | Found a snail-covered altar of Cheibriados.
    96 | D        | Found a sacrificial altar of Ru.
    96 | D        | Found a shadowy altar of Dithmenos.
    96 | D        | Noticed a yak
   102 | D        | Found a stormy altar of Qazlal.
   102 | D        | Found a blossoming altar of Fedhas.
   102 | D        | Found a bloodstained altar of Trog.
   138 | D        | Found an iron altar of Okawaru.
   138 | D        | Found a glowing silver altar of Zin.
   139 | D        | Found a glowing golden altar of the Shining One.
   139 | D        | Found a white marble altar of Elyvilon.
   141 | D        | Found a sparkling altar of Nemelex Xobeh.
   159 | D        | Noticed a centaur warrior
   160 | D        | Noticed a centaur warrior
   163 | D        | Shot with an arrow by a centaur warrior

Illustrated notes

Levels and vault maps discovered:
D:        dungeon_sprint_1 [red_sonja_temple_1, red_sonja_temple_small_1]

Skill      XL: |  1  2  3  4  5  6 |
---------------+-------------------+-----
Fighting       | 5 6 8 |  8.5
Axes           | 4 6 8 |  8.6
Armour         | 4 6 7 |  7.7
Shields        | 4 6 7 |  7.7
Polearms       | 1 |  1.8

Action                   |  1- 3 |  4- 6 || total
-------------------------+-------+-------++-------
Melee: War axe           |     4 |    14 ||    18
       Scythe            |       |     4 ||     4
  Use: Potion            |     2 |     3 ||     5
       Scroll            |       |     2 ||     2
Armor: Scale mail        |       |     7 ||     7
Dodge: Dodged            |     2 |     4 ||     6
Block: Buckler           |       |     4 ||     4
